Map: Néo-Gettysburg EC

Players

BINGBUNGBANG - Winner!

  • Race: Terran Terran
  • League: Diamond
  • Spawn Location: 7:00

zidar

  • Race: Zerg Zerg
  • League: Platinum
  • Spawn Location: 5:00

VOD

Have the link to the VOD?

Description

Time

  • Played on: Nov. 18, 2016, 3:20 p.m.
  • Length: 11:02
Show
View Real Time Build Order
Export as new Build Order

BINGBUNGBANG Terran - Winner!

Build Orders:  

Get SALT Encoding   

  12  0:02  SCV  
  14  0:14  SCV  
  14  0:24  Supply Depot  
  14  0:26  SCV  
  15  0:46  SCV  
  16  0:52  Barracks  
  16  0:57  Refinery  
  16  0:58  SCV  
  17  1:10  SCV  
  18  1:22  SCV  
  19  1:39  Marine  
  20  1:40  Supply Depot  
  20  1:49  Orbital Command  
  20  1:56  Marine  
  20  1:58  Command Center  
  21  2:10  Factory  
  21  2:14  Marine  
  22  2:16  Refinery  
  22  2:29  SCV  
  23  2:41  SCV  
  24  2:51  Barracks Tech Lab  
  24  2:53  SCV  
  25  2:59  Factory Reactor, Starport  
  25  3:06  SCV  
  25  3:12  Orbital Command  
  26  3:17  Bunker  
  26  3:18  SCV  
  26  3:30  SCV  
  26  3:48  Hellion  
  26  3:49  Hellion  
  26  3:51  Bunker  
  33  4:10  Hellion x2  
  29  4:19  Supply Depot, Starport Tech Lab  
  29  4:22  Marine  
  27  4:27  SCV x2  
  29  4:39  SCV, Banshee  
  34  4:49  Hellion  
  35  4:53  Factory, Barracks Tech Lab  
  33  5:22  Banshee  
  33  5:25  Cloaking Field  
  36  5:35  Hellion x2  
  40  5:39  Armory  
  40  6:04  Hellion x2  
  40  6:10  Siege Tank  
  47  6:12  Supply Depot  
  47  6:14  Supply Depot  
  44  7:09  Orbital Command  
  44  7:17  Siege Tank  
  47  7:28  Supply Depot  
  47  7:29  Hellbat  
  51  7:30  Hellbat  
  48  7:40  Infernal Pre-Igniter  
  48  7:43  SCV x2  
  50  7:49  Siege Tank  
  50  7:50  Hellbat  
  50  7:51  Hellbat  
  57  7:55  Raven  
  59  8:02  Supply Depot  
  59  8:03  SCV x2  
  61  8:11  Terran Vehicle Weapons Level 1  
  61  8:12  Hellbat  
  63  8:15  SCV x2  
  65  8:21  Siege Tank  
  69  8:27  SCV x2, Supply Depot  
  69  8:30  Refinery  
  69  8:32  Refinery  
  70  8:39  SCV x2  
  72  8:45  Hellbat x2  
  72  8:46  Viking  
  78  8:51  SCV x2  
  80  8:59  Supply Depot  
  80  9:03  SCV x2  
  80  9:07  Hellbat  
  87  9:10  Hellbat, Siege Tank  
  87  9:15  SCV x2  
  91  9:17  Armory  
  91  9:23  Supply Depot  
  91  9:27  SCV  
  91  9:28  Hellbat, SCV  
  95  9:32  Hellbat  
  97  9:39  SCV  
  97  9:40  SCV  
  99  9:49  Hellbat  
  99  9:51  SCV  
  99  9:52  SCV  
  103  9:53  Hellbat  
  105  10:03  SCV  
  105  10:04  SCV  
  105  10:05  Supply Depot  
  105  10:06  Command Center  
  107  10:16  SCV x2  
Show
View Real Time Build Order
Export as new Build Order

zidar Zerg 

Build Orders: Hatch First, Zergling Baneling 

Get SALT Encoding   

  12  0:01  Drone  
  13  0:13  Overlord  
  13  0:18  Drone  
  14  0:31  Drone x2  
  16  0:50  Hatchery  
  16  0:52  Drone  
  16  0:58  Extractor, Drone  
  16  1:17  Spawning Pool  
  15  1:20  Drone  
  15  1:25  Drone  
  17  1:29  Drone  
  18  1:34  Drone  
  19  1:46  Drone  
  20  2:07  Queen  
  20  2:08  Queen  
  21  2:12  Metabolic Boost  
  23  2:18  Overlord  
  23  2:21  Zergling x2  
  24  2:23  Zergling x2  
  24  2:26  Zergling x2  
  26  2:37  Baneling Nest  
  25  2:54  Zergling x12  
  31  3:10  Zergling x4  
  30  3:43  Baneling x9  
  30  3:47  Zergling x12  
  30  4:26  Spore Crawler, Drone x3  
  32  4:37  Zergling x8  
  36  4:43  Spore Crawler  
  35  4:49  Baneling x7  
  35  4:52  Zergling x2  
  36  4:55  Overlord  
  36  4:56  Overlord  
  36  5:05  Roach Warren  
  27  5:22  Zergling x16  
  35  5:29  Baneling x2  
  35  5:33  Extractor  
  34  5:54  Drone x6  
  40  6:00  Baneling x3  
  40  6:09  Drone x2  
  40  6:11  Drone  
  43  6:31  Overlord x3  
  38  6:54  Roach  
  38  6:55  Roach x4  
  48  7:24  Ravager  
  39  7:53  Roach x5  
  49  8:02  Queen  
  51  8:10  Roach x2  
  55  8:22  Roach  
  55  8:23  Roach x2  
  61  8:34  Roach x3  
  67  8:52  Ravager  
  68  8:57  Drone x6  
  68  9:02  Drone  
  75  9:06  Lair  
  75  9:43  Overlord x4  
  75  9:44  Overlord  
  75  9:53  Extractor  
  75  9:57  Extractor  
  75  10:14  Roach x12  
  97  10:24  Ravager  
  97  10:26  Ravager  
  99  10:44  Evolution Chamber  
Tags
 
Add a new tag
Caveats
  • Supply blocks, unpowered buildings, or Contaminate may cause inaccurate times.
  • Supply counts are checked every 10 seconds.